 Dungeon Crawl Stone Soup version 0.28.0-53-g5a82cb258f (webtiles) character file.

Game seed: 9705077308352790210

10756 dranuc9 the Thaumaturge (level 11, -6/55 HPs)
             Began as a Deep Elf Conjurer on July 16, 2022.
             Mangled by a yak (10 damage)
             ... on level 1 of the Lair of Beasts on July 17, 2022.
             The game lasted 02:24:47 (18287 turns).

dranuc9 the Thaumaturge (Deep Elf Conjurer)        Turns: 18287, Time: 02:24:47

Health: -6/55      AC:  5    Str:  8    XL:     11   Next: 40%
Magic:  30/30      EV: 13    Int: 34    God:
Gold:   517        SH:  0    Dex: 13    Spells: 25/36 levels left

rFire   x . .      SeeInvis +   P - +3 short sword (venom)
rCold   . . .      Faith    .   (no shield)
rNeg    + + +      Spirit   .   s - +2 robe {rN+}
rPois   +          Reflect  .   (no helmet)
rElec   .          Harm     .   Q - +0 cloak
rCorr   .          Rampage  .   (no gloves)
Will    +....                   (no boots)
Stlth   +++.......              (no amulet)
HPRegen 0.18/turn               R - ring "Enlynie" {rPois rF- rN++ Str+4 Int+6}
MPRegen 0.22/turn               A - ring of see invisible

@: no status effects
A: no striking features
a: no special abilities


You were on level 1 of the Lair of Beasts.
You visited 3 branches of the dungeon, and saw 13 of its levels.

You collected 517 gold pieces.

Inventory:

Hand Weapons
 m - a +1 short sword of flaming
 u - a +1 whip of freezing
 F - a +2 antimagic dagger
 P - a +3 short sword of venom (weapon)
Missiles
 e - 66 arrows
 k - 5 atropa-tipped darts (quivered)
 t - 3 throwing nets
 N - 7 poisoned darts
Armour
 s - a +2 robe of positive energy (worn)
 x - the +1 animal skin of Xom's Esteem {rPois Int+3 Stlth+}
   (You found it on level 5 of the Dungeon)

   Int:       It affects your intelligence (+3).
   rPois:     It protects you from poison.
   Stlth:     It makes you more stealthy.
 I - +0 steam dragon scales
 Q - a +0 cloak (worn)
Magical Staves
 G - a staff of death
 U - a staff of poison
Jewellery
 v - a ring of protection from cold
 A - a ring of see invisible (right hand)
 D - a ring of ice
 R - the ring "Enlynie" (left hand) {rPois rF- rN++ Str+4 Int+6}
   (You found it on level 9 of the Dungeon)

   [ring of intelligence]

   Str:       It affects your strength (+4).
   Int:       It affects your intelligence (+6).
   rF:        It makes you vulnerable to fire.
   rPois:     It protects you from poison.
   rN:        It greatly protects you from negative energy.
Wands
 L - a wand of polymorph (10)
 M - a wand of digging (5)
 O - a wand of acid (8)
Scrolls
 a - a scroll of fear
 c - 3 scrolls of enchant weapon
 h - 3 scrolls of vulnerability
 j - 6 scrolls of teleportation
 n - 2 scrolls of magic mapping
 q - 3 scrolls of amnesia
 y - a scroll of immolation
 C - 2 scrolls of fog
 E - a scroll of silence
 J - a scroll of brand weapon
Potions
 b - 2 potions of ambrosia {unknown}
 f - a potion of berserk rage {unknown}
 g - 3 potions of brilliance
 i - 6 potions of attraction
 o - 2 potions of heal wounds
 p - a potion of haste
 r - a potion of lignification {unknown}
 w - 2 potions of might {unknown}
 z - 5 potions of curing
 B - 3 potions of flight {unknown}
 S - a potion of cancellation {unknown}
Miscellaneous
 l - a box of beasts


   Skills:
 + Level 0.3 Fighting
 + Level 4.2 Dodging
 + Level 5.2 Stealth
 + Level 13.0 Spellcasting
 * Level 12.7 Conjurations
 + Level 7.4 Hexes
 + Level 0.7 Necromancy
 * Level 4.8 Fire Magic
 + Level 3.3 Earth Magic
 * Level 5.2 Evocations


You had 25 spell levels left.
You knew the following spells:

 Your Spells              Type           Power      Damage    Failure   Level
a - Magic Dart            Conj           100%       1d8       0%          1
b - Searing Ray           Conj           100%       2d8       0%          2
c - Animate Skeleton      Necr           52%        N/A       1%          1
d - Stone Arrow           Conj/Erth      100%       3d13      1%          3
e - Fulminant Prism       Conj/Hex       37%        3d18      1%          4

Your spell library contained the following spells:

 Spells                   Type           Power      Damage    Failure   Level
 Apportation              Tloc           44%        N/A       1%          1
 Freeze                   Ice            88%        1d10      1%          1
 Pain                     Necr           100%       1d9       1%          1
 Sandblast                Erth           88%        2d18      1%          1
 Passwall                 Tmut/Erth      27%        N/A       1%          2
 Static Discharge         Conj/Air       60%        N/A       1%          2
 Dazzling Flash           Conj/Hex       100%       N/A       1%          3
 Iskenderun's Mystic Bla  Conj/Tloc      60%        2d13      1%          4
 Sticky Flame             Conj/Fire      69%        2d8       1%          4
 Vampiric Draining        Necr           26%        2d7       4%          3
 Frozen Ramparts          Ice            44%        1d6       6%          3
 Dispel Undead            Necr           26%        3d13      14%         4
 Ice Form                 Ice/Tmut       22%        N/A       19%         4
 Summon Ice Beast         Ice/Summ       22%        N/A       19%         4
 Alistair's Intoxication  Tmut/Pois      14%        N/A       47%         5


Dungeon Overview and Level Annotations

Branches:
Dungeon (11/15)            Temple (1/1) D:6            Lair (1/6) D:9
    Orc: D:9-12

Altars:
Ashenzari
Cheibriados
Dithmenos
Elyvilon
Fedhas
Gozag
Hepliaklqana
Kikubaaqudgha
Makhleb
Nemelex Xobeh
Okawaru
Qazlal
Ru
Sif Muna
Trog
Uskayaw
Vehumet
Wu Jian
Xom
Yredelemnul
Zin
The Shining One

Annotations:
D:3 1 runed translucent door, Crazy Yiuf
D:9 2 runed translucent doors
D:11 Gastronok, Nergalle


Message History

Press: ? - help, Dir - move target You conjure a prism of explosive energy!
A fulminant prism comes into view.
Your fulminant prism crackles loudly.
The komodo dragon bites your fulminant prism!
Your fulminant prism explodes!
The blast of energy engulfs the komodo dragon!!
The komodo dragon is severely wounded.
The blast of energy engulfs the yak!!
The yak is heavily wounded.
There is a stone staircase leading down here.
Casting: Fulminant Prism (safe; 1% risk of failure)
Confirm with . or Enter, or press ? or * to list all spells.
Aiming: Fulminant Prism (safe; 1% risk of failure)
Press: ? - help, Dir - move target You conjure a prism of explosive energy!
A fulminant prism comes into view.
Your fulminant prism crackles loudly.
The komodo dragon bites your fulminant prism but does no damage.
Your fulminant prism explodes!
The blast of energy engulfs the komodo dragon!!
You kill the komodo dragon!
The blast of energy engulfs the yak!!
You kill the yak!
Your Spellcasting skill increases to level 13!
There is a stone staircase leading down here.
You start resting.
Magic restored.
You start resting.
HP restored.
There is an open door here.
There is a staircase to the Lair, spattered with blood here.
You climb downwards.
Welcome back to the Lair of Beasts!
The bullfrog barely misses you. The komodo dragon bites you!
The yak closely misses you. The yak gores you but does no damage.
The yak barely misses you. The bullfrog misses you. The yak gores you!
The komodo dragon bites you!!
* * * LOW HITPOINT WARNING * * *
The yak closely misses you. The yak gores you!
You die...

#### ##..P
#...#
#...#
#...#
#.lF# #@Y#
#.YYYY....
#..#8YY...
..........
###..
...Y#
....#...#
.... #...
...## #..


You could see a komodo dragon, 8 yaks and a bullfrog.

Vanquished Creatures
  A hydra (D:8)
  2 two-headed ogres
  A manticore (D:9)
  A gargoyle (D:10)
  A komodo dragon (D:9)
  A tengu conjurer (D:9)
  Sigmund (D:3)
  A wraith (D:10)
  10 yaks
  Eustachio (D:6)
  4 steam dragons
  2 acid dragons
  2 water moccasins
  3 orc warriors
  2 black bears
  An ice beast (D:5)
  8 ogres
  A centaur (D:9)
  2 necrophages
  7 bullfrogs
  2 kobold brigands
  2 scorpions
  A water moccasin skeleton (D:5)
  10 killer bees
  10 wights
  7 howler monkeys (D:9)
  3 centaur zombies
  3 hounds
  2 jellies
  7 orc priests
  2 bullfrog skeletons
  3 centaur skeletons
  2 gnoll shamans
  2 iguanas (D:7)
  9 orc wizards
  Jessica (D:2)
  A hound skeleton (D:4)
  10 gnolls
  5 adders
  A shadow imp (D:7)
  3 worms (D:4)
  2 dart slugs
  28 orcs
  5 ball pythons
  3 endoplasms
  4 giant cockroaches
  4 goblins
  3 hobgoblins
  6 jackals
  A quokka (D:2)
  4 bats
  2 frilled lizards (D:1)
  14 kobolds
  4 rats (D:1)
  A fulminant prism (D:11)
219 creatures vanquished.

Vanquished Creatures (others)
  183 fulminant prisms
  16 fungi
  13 plants (D:9)
  10 withered plants (D:9)
222 creatures vanquished.

Grand Total: 441 creatures vanquished

Notes
Turn   | Place    | Note
-------+----------+-------------------------------------------
     0 | D:1      | dranuc9 the Deep Elf Conjurer began the quest for the Orb.
     0 | D:1      | Reached XP level 1. HP: 10/10 MP: 6/6
   154 | D:1      | Found a faded altar of an unknown god.
   171 | D:1      | Got Plato's Compendium of the Snowflakes
   427 | D:1      | Reached XP level 2. HP: 15/15 MP: 6/8
   482 | D:1      | Learned a level 2 spell: Searing Ray
  1122 | D:2      | Reached skill level 5 in Conjurations
  1201 | D:2      | Noticed Jessica
  1205 | D:2      | Killed Jessica
  1206 | D:2      | Reached XP level 3. HP: 19/19 MP: 6/10
  1574 | D:2      | Found a shadowy altar of Dithmenos.
  1989 | D:2      | Reached skill level 4 in Spellcasting
  1989 | D:2      | Reached XP level 4. HP: 24/24 MP: 8/12
  2249 | D:2      | Learned a level 1 spell: Animate Skeleton
  3089 | D:3      | Noticed Sigmund
  4017 | D:3      | Found a runed translucent door.
  4018 | D:3      | Noticed Crazy Yiuf
  4143 | D:3      | Killed Sigmund
  4144 | D:3      | Reached skill level 5 in Spellcasting
  4144 | D:3      | Reached XP level 5. HP: 28/28 MP: 5/15
  4144 | D:3      | Reached XP level 6. HP: 32/32 MP: 5/16
  4671 | D:4      | Reached skill level 6 in Spellcasting
  5309 | D:4      | Reached skill level 7 in Spellcasting
  5309 | D:4      | Reached XP level 7. HP: 36/36 MP: 13/19
  5775 | D:4      | Learned a level 3 spell: Stone Arrow
  5780 | D:4      | Learned a level 4 spell: Fulminant Prism
  5781 | D:5      | Entered Level 5 of the Dungeon
  5941 | D:5      | Reached skill level 8 in Spellcasting
  6253 | D:5      | Reached skill level 1 in Earth Magic
  6253 | D:5      | Reached XP level 8. HP: 41/41 MP: 12/22
  6413 | D:5      | Found a bloodstained altar of Trog.
  6700 | D:5      | Reached skill level 9 in Spellcasting
  6721 | D:5      | Identified the +1 animal skin of Xom's Esteem {rPois Int+3
                  | Stlth+}
  6904 | D:5      | Found an opulent altar of Gozag.
  7468 | D:5      | Found a blossoming altar of Fedhas.
  7859 | D:6      | Reached skill level 10 in Spellcasting
  7859 | D:6      | Reached skill level 1 in Hexes
  8100 | D:6      | Noticed Eustachio
  8269 | D:6      | Killed Eustachio
  8270 | D:6      | Reached XP level 9. HP: 45/45 MP: 3/25
  9309 | D:6      | Found a staircase to the Ecumenical Temple.
  9315 | Temple   | Entered the Ecumenical Temple
  9690 | D:7      | Found an ornate altar of the Wu Jian Council.
 10002 | D:7      | Reached skill level 11 in Spellcasting
 10117 | D:7      | Reached skill level 10 in Conjurations
 11252 | D:8      | Reached skill level 5 in Hexes
 11382 | D:8      | Reached skill level 1 in Evocations
 11415 | D:8      | Reached skill level 1 in Fire Magic
 12366 | D:8      | Reached XP level 10. HP: 43/50 MP: 22/27
 13029 | D:9      | Noticed a manticore
 13045 | D:9      | Found the +10 zealot's sword {holy, *Rage rN+ EV+3}
 13050 | D:9      | Reached skill level 5 in Stealth
 13050 | D:9      | Noticed a five-headed hydra
 13143 | D:9      | Killed a manticore
 13144 | D:9      | Reached skill level 12 in Spellcasting
 13637 | D:8      | Killed a five-headed hydra
 13885 | D:9      | Identified the ring "Enlynie" {rPois rF- rN++ Str+4 Int+6}
 14802 | D:9      | Found a staircase to the Lair.
 14923 | D:9      | Found an ancient bone altar of Kikubaaqudgha.
 15172 | D:9      | Found a runed translucent door.
 15174 | D:9      | Found a runed translucent door.
 15257 | D:9      | Noticed a two-headed ogre
 15280 | D:9      | Killed a two-headed ogre
 15281 | D:9      | Reached XP level 11. HP: 54/54 MP: 6/29
 15811 | D:10     | Entered Level 10 of the Dungeon
 16273 | D:10     | Noticed a two-headed ogre
 16287 | D:10     | Killed a two-headed ogre
 16458 | D:10     | Found a glowing golden altar of the Shining One.
 17124 | D:11     | Noticed a two-headed ogre
 17210 | D:11     | Noticed Gastronok
 17494 | Lair:1   | Entered Level 1 of the Lair of Beasts
 17800 | D:11     | Reached skill level 5 in Evocations
 17802 | D:11     | Noticed Nergalle
 17804 | D:11     | Noticed a two-headed ogre
 18213 | D:9      | Reached skill level 13 in Spellcasting
 18287 | Lair:1   | Mangled by a yak

Illustrated notes

Levels and vault maps discovered:
D:1:      dpeg_arrival_tiny_f, layout_loops_ring,
          shapermc_ecumenical_altar_rom_forum, minivault_19, patterned_corridor
D:2:      layout_basic, basic_altar, serial_bayou_crossing, uniq_jessica
D:3:      layout_loops_corners, uniq_crazy_yiuf_cottage, uniq_sigmund
D:4:      layout_loops_ring
D:5:      layout_loops_ring, amcnicky_altar_gilded, grunt_gozag_breadcrumbs,
          bloody_trog, hex_large, minmay_misc_feat_rugged
D:6:      layout_rooms, minmay_temple_entry_fiery, uniq_eustachio
D:7:      layout_loops_ring, mainiacjoe_overflow_boulevard
D:8:      layout_gridville
D:9:      lemuel_insect_pit, layout_basic, kiku_gazebo_garden_becter,
          grunt_lair_entry_orc_guard_hut, minmay_crystal_room, minmay_radiant
D:10:     layout_irregular_city, lemuel_round_altar, lemuel_old_faithful
D:11:     layout_roguey, uniq_nergalle, uniq_gastronok
Temple:   nicolae_temple_elliptical
Lair:1:   layout_concentric_octagons, gauntlet_entry_generic, st_stairs_5,
          beast_lair_carwin_10, grunt_megastairs_5

Skill      XL: |  1  2  3  4  5  6  7  8  9 10 11 |
---------------+----------------------------------+-----
Conjurations   | 5 6 7 8 9 10 12 | 12.7
Spellcasting   | 4 5 7 8 10 11 12 13 | 13.0
Stealth        | 3 4 5 |  5.2
Earth Magic    | 1 3 |  3.3
Dodging        | 3 4 |  4.2
Hexes          | 1 5 6 7 |  7.4
Evocations     | 1 4 5 |  5.2
Fire Magic     | 2 4 |  4.8
Fighting       | |  0.3
Necromancy     | |  0.7

Action                   |  1- 3 |  4- 6 |  7- 9 | 10-12 || total
-------------------------+-------+-------+-------+-------++-------
Melee: Short sword       |       |     3 |       |     7 ||    10
Throw: Dart              |       |       |       |     1 ||     1
 Cast: Magic Dart        |    51 |    46 |    59 |     1 ||   157
       Searing Ray       |     2 |    29 |     8 |     6 ||    45
       Stone Arrow       |       |       |    40 |     6 ||    46
       Fulminant Prism   |       |       |    85 |    99 ||   184
       Animate Skeleton  |       |       |     2 |       ||     2
Evoke: Wand              |       |       |       |     2 ||     2
  Use: Scroll            |       |     4 |    10 |     9 ||    23
       Potion            |       |       |       |     2 ||     2
Armor: Robe              |     3 |       |     6 |    10 ||    19
Dodge: Dodged            |     6 |     6 |    32 |    32 ||    76
